caesa, neutral male human Barbarian ----------- # |..........# ------.-...--.------------------- |..<......|# |...............................| |.........|# |...-......----..-.-|-...-----..| |.........|# ..|...---.|@..|.-.....|..|((.|..| -------- ------.---- |.|..|..|.).@.-.|..|..|..|(((|..| #############)......| # ..-|-|..|.|...|.--------.|...|..| |.....>| # |....|..|.|...|....-...|.-|---..| #-......| # |.{..-|...----|....|...|........| ###|..%...| # ...%.......-..|)--.-----..-----.| # -------- # |....-|--..|..|..|........-.%%|.| ### # |.-+-|..|.----|..||---....|.%%|.|` # ### # |.| |..|.-.!%|--|...|---.-----..########## # ### #..| |---.|.(%|..|)(.|..).......|# - ----%---- # ###|.| |....| %(|..|(((|..|.......|# |.....%.[.|### [ |.----....-----|---------.....{.|# |..........##### |........[......[...............|# ----------- ---------------------------------# caesa the Bandit Experience level: 7 Strength: 18 Dexterity: 16 Constitution: 18 Intelligence: 8 Wisdom: 9 Charisma: 8 Health: 0(54) Energy: 23(23) Def: 8 Gold: 211 Moves: 2676 Dungeon seed: u6YwBWj7j-il9qB6 Game ID: caesa_1506617573 Your Inventory: Coins $ - 211 gold pieces Weapons a - a blessed +0 two-handed sword (weapon in hands) b - a +0 axe Armor e - an uncursed +0 ring mail (being worn) l - an uncursed +1 pair of iron shoes (being worn) y - an uncursed +0 dwarvish cloak (being worn) z - an uncursed +0 dwarvish iron helm Y - a blessed +0 dwarvish iron helm (being worn) Scrolls f - an uncursed scroll of identify h - an uncursed scroll of teleportation q - an uncursed scroll of enchant weapon Potions k - an uncursed potion of extra healing L - an uncursed potion of levitation T - an uncursed potion of object detection Rings G - an uncursed ring of conflict (on left hand) Tools j - an uncursed pair of lenses n - a tinning kit (0:88) o - an uncursed tin whistle r - 3 uncursed partly used tallow candles (0:103) u - an uncursed tin whistle M - a cursed blindfold N - a cursed oil lamp (lit) (0:383) O - a cursed oil lamp (0:1477) P - a cursed lock pick Q - a cursed stethoscope R - an uncursed tallow candle (0:200) U - an uncursed tin whistle Spells and supernatural/magical abilities: Name Level Category Fail Memory W - pray for help -- divine ? -- Your skills at the end: Fighting Skills bare handed combat [Basic] Weapon Skills axe [Basic] two-handed sword [Basic] Spellcasting Skills Final Attributes: You were piously aligned. You were poison resistant. You caused conflict. You were fast. You are dead. Vanquished creatures: a ghost a watchman a leprechaun a dwarf lord an imp a water nymph 2 rock piercers a rock mole a pony a fog cloud a yellow light 3 gnome lords a gnomish wizard a gray ooze a giant ant a little dog a floating eye a kitten 5 dwarves 2 kobold lords a kobold shaman 2 rabid rats a giant bat 2 orc zombies a wererat a gas spore a hobbit 3 manes a large kobold a hobgoblin 2 cave spiders 18 gnomes 2 gnome zombies a jackal 2 foxes a kobold a goblin 7 sewer rats a lichen a newt 78 creatures vanquished. Voluntary challenges: You followed a strict vegan diet. You had been an atheist until turn 2001. You used a wielded weapon 110 times, starting on turn 17. You were illiterate. You never genocided any monsters. You never polymorphed an object. You never changed form. You used no wishes. You never split a pudding. You never wrote Elbereth's name. You never violated your personal moral code. Dungeon overview: The Dungeons of Doom: levels 1 to 3 Level 1 a long staircase Level 2 a scroll shop stairs to The Gnomish Mines Level 3 The Gnomish Mines: levels 3 to 5 Level 3 stairs to The Dungeons of Doom Level 4 Level 5 <- You were here many shops, a temple to Mitra, some fountains History has recorded: On T:1 you entered the Dungeons of Doom to retrieve the Amulet of Yendor! On T:86 you reached level 2 of The Dungeons of Doom. On T:249 you advanced to experience level 2. On T:466 you reached level 3 of The Dungeons of Doom. On T:490 you reached level 1 of The Gnomish Mines. On T:516 you advanced to experience level 3. On T:664 you advanced to experience level 4. On T:908 you advanced to experience level 5. On T:1327 you reached level 2 of The Gnomish Mines. On T:1446 you advanced to experience level 6. On T:1749 you reached level 3 of The Gnomish Mines. On T:2427 you advanced to experience level 7. Score breakdown: Gold: 211 ( 7913 points) Experience: 7 levels (13645 points) Exploration: 5 levels ( 10.87%) ( 8944 points) Discoveries: 4 items ( 1.63%) ( 3825 points) Valuables value: (no points given unless you survive) Artifact value: 0 ( 0 points) Variety of kills: 40 monsters ( 10.50%) ( 9720 points) Turncount: 2676 turns ( -431 points) Survival: died (score multiplied by 80%) Total score: 34892 Latest messages: T - a magenta potion. j - a pair of lenses. U - a whistle. The priestess of Mitra intones: "Pilgrim, you enter a sacred place!" You have a strange forbidding feeling... The watchman thrusts her short sword at the priestess of Mitra. The watchman hits the priestess of Mitra. The priestess of Mitra swings her mace at the watchman. The priestess of Mitra hits the watchman. (2x) The priestess of Mitra casts a spell at the watchman! The watchman is frozen in place! The priestess of Mitra swings her mace at the watchman. The priestess of Mitra hits the watchman. The watchman is killed! There is an altar to Mitra (lawful) here. You see here an uncursed looking glass. A pair of leather gloves lands on the altar. The priestess of Mitra swings her mace. The priestess of Mitra hits! You die... Final status: Goodbye caesa the Barbarian, killed by a priestess of Mitra... You died in The Gnomish Mines on dungeon level 5 with 34892 points, and 211 pieces of gold, after 2676 moves. You were level 7 with a maximum of 54 hit points when you died.